 Dungeon Crawl Stone Soup version 0.26.1-11-gd32895ea62 (webtiles) character file.

Game seed: 4989009764538680552

600 Zeld the Cudgeller (level 7, -1/45 HPs)
             Began as an Octopode Warper on May 17, 2021.
             Slain by an orc priest
             ... wielding a +0 club
              (8 damage)
             ... on level 5 of the Dungeon.
             The game lasted 00:09:35 (6458 turns).

Zeld the Cudgeller (Octopode Warper)                Turns: 6458, Time: 00:09:36

Health: -1/45      AC:  1    Str: 12    XL:     7   Next: 41%
Magic:  12/12      EV: 13    Int: 16    God:
Gold:   20         SH:  0    Dex: 11    Spells: 2/13 levels left

rFire    . . .     SeeInvis .   a - +1 mace
rCold    . . .     Faith    .   (no shield)
rNeg     . . .     Spirit   .   (helmet restricted)
rPois    .         Reflect  .   (no amulet)
rElec    .         Harm     .   (no ring)
rCorr    .         Rampage  .   (no ring)
Will     .....                  (no ring)
Stlth    ++........             (no ring)
HPRegen  0.15/turn              (no ring)
MPRegen  0.13/turn              (no ring)
                                (no ring)
                                (no ring)

@: no status effects
A: almost no armour, stealthy swim, amphibious, 8 rings, constrict 8, camouflage
1, gelatinous body 1
a: no special abilities


You were on level 5 of the Dungeon.
You visited 1 branch of the dungeon, and saw 5 of its levels.

You collected 188 gold pieces.
You spent 168 gold pieces at shops.

Inventory:

Hand Weapons
 a - a +1 mace (weapon)
 f - a +0 mace
Missiles
 b - 5 boomerangs of dispersal (quivered)
 w - 5 boomerangs
Jewellery
 h - a cursed -4 ring of dexterity {unknown}
 v - a +6 ring of dexterity {unknown}
Scrolls
 g - a scroll of amnesia
 q - 2 scrolls of teleportation
 s - a scroll of remove curse {unknown}
 u - a scroll of fear {unknown}
 x - a scroll of holy word
Potions
 d - a potion of resistance {unknown}
 e - 5 potions of curing {unknown}
 j - a potion of magic {unknown}
 k - a potion of flight {unknown}
 l - a potion of cancellation {unknown}
 m - a potion of haste {unknown}
 n - 2 potions of attraction {unknown}
 p - a potion of lignification {unknown}
 t - a potion of mutation {unknown}


   Skills:
 - Level 2.0 Fighting
 * Level 5.8 Maces & Flails
 - Level 1.0 Throwing
 - Level 2.3 Dodging
 + Level 3.9 Spellcasting
 + Level 4.8 Translocations


You had 2 spell levels left.
You knew the following spells:

 Your Spells              Type           Power        Failure   Level
a - Blink                 Tloc           N/A          3%          2
b - Gell's Gravitas       Tloc           9%           7%          3
c - Lesser Beckoning      Tloc           9%           7%          3
d - Teleport Other        Tloc           18%          7%          3

Your spell library contained the following spells:

 Spells                   Type           Power        Failure   Level
 Passage of Golubria      Tloc           N/A          22%         4


Dungeon Overview and Level Annotations

Branches:
Dungeon (5/15)
 Temple: D:4-7

Altars:
Dithmenos

Shops:
D:5 *


Innate Abilities, Weirdness & Mutations

You cannot wear most types of armour.
You are very stealthy in the water. (Stealth+)
You are amphibious.
You can wear up to eight rings at the same time.
You can use your tentacles to constrict eight enemies at once.
Your skin changes colour to match your surroundings (Stealth+).
Your rubbery body absorbs attacks. (AC +1, EV +1)


Message History

You grab the orc wizard.
The orc wizard is severely wounded.
You constrict the orc wizard, but do no damage.
The orc closely misses you.
The orc wizard hits you with a +0 dagger.
You hit the orc wizard.
The orc wizard is almost dead.
You constrict the orc wizard.
You kill the orc wizard!
The orc hits you from afar with a +0 trident.
* * * LOW HITPOINT WARNING * * *
The orc priest misses you.
Okay, then.
Blink to where?
Press: ? - help, Dir - move target
As you read the scroll of blinking, it crumbles to dust.
The orc hits you from afar with a +0 trident.
* * * LOW HITPOINT WARNING * * *
The orc priest hits you with a +0 club!
You die...

#.............#######...[[[..
########......#.....#....)[..
#......#.....#........
#......#.....#........
#......#.....#........
#......#.....#........
#....o.[§)...#........
#.....o##...##........
###..@..#...####'#####
#.....+....#.....>..
#.....#....#........
#.....#....#....#.#.
#.....#....#.....∩?.
......#....#...##.#†
.......#....+........
........#....#........
#...##...##...


You could see an orc priest and an orc.

Vanquished Creatures
  A scorpion (D:4)
  A jelly (D:3)
  A bullfrog zombie (D:5)
  3 hounds
  A bullfrog skeleton (D:5)
  6 orc wizards (D:5)
  A worker ant (D:4)
  5 adders
  A shadow imp (D:5)
  An ooze (D:2)
  An adder skeleton (D:5)
  4 worms
  4 leopard geckos
  6 orcs (D:5)
  2 ball pythons (D:1)
  6 bats
  3 giant cockroaches
  9 goblins
  9 hobgoblins
  13 jackals
  5 kobolds
  3 quokkas (D:2)
  5 frilled lizards
  5 rats
96 creatures vanquished.

Notes
Turn   | Place    | Note
-------+----------+-------------------------------------------
     0 | D:1      | Zeld the Octopode Warper began the quest for the Orb.
     0 | D:1      | Reached XP level 1. HP: 14/14 MP: 3/3
   208 | D:1      | Reached XP level 2. HP: 19/19 MP: 5/5
   211 | D:1      | Learned a level 2 spell: Blink
   461 | D:1      | Reached XP level 3. HP: 11/24 MP: 6/6
   465 | D:1      | Learned a level 3 spell: Gell's Gravitas
  1358 | D:2      | Reached skill level 3 in Maces & Flails
  1849 | D:2      | Reached XP level 4. HP: 24/29 MP: 7/7
  1853 | D:2      | Learned a level 3 spell: Lesser Beckoning
  2345 | D:2      | Found a shadowy altar of Dithmenos.
  3322 | D:3      | Reached XP level 5. HP: 21/34 MP: 1/9
  3477 | D:3      | Reached skill level 4 in Maces & Flails
  4431 | D:4      | Noticed an ogre
  4715 | D:4      | Reached XP level 6. HP: 25/39 MP: 10/10
  4723 | D:4      | Learned a level 3 spell: Teleport Other
  5098 | D:5      | Entered Level 5 of the Dungeon
  5567 | D:5      | Reached skill level 5 in Maces & Flails
  5758 | D:5      | Reached XP level 7. HP: 15/45 MP: 0/12
  6237 | D:5      | Found Rasadwaps's General Store.
  6244 | D:5      | Bought 5 boomerangs for 30 gold pieces
  6244 | D:5      | Bought a scroll of identify for 24 gold pieces
  6244 | D:5      | Bought a scroll of holy word for 90 gold pieces
  6244 | D:5      | Bought a scroll of identify for 24 gold pieces
  6458 | D:5      | Slain by an orc priest

Illustrated notes

Levels and vault maps discovered:
D:1:      nicolae_arrival_somewhat_less_tricky_arrival, layout_basic,
          serial_curves, eino_curves_02, eino_curves_04
D:2:      layout_loops_corners, nicolae_dithmenos_through_a_glass_darkly
D:3:      layout_loops_corners, serial_glass, glass_columns_b, glass_columns_a,
          grunt_ministairs_6, nrook_campfire, grunt_decor_resistance
D:4:      layout_loops_ring, tso_metal_star
D:5:      layout_gridville, minmay_temple_entry_large_hall, serial_shops,
          nicolae_shop_crystal

Skill      XL: |  1  2  3  4  5  6 |
---------------+-------------------+-----
Maces & Flails | 3 4 5 |  5.8
Spellcasting   | 3 |  3.9
Translocations | 4 |  4.8
Fighting       | |  2.0
Throwing       | |  1.0
Dodging        | |  2.3

Action                   |  1- 3 |  4- 6 |  7- 9 || total
-------------------------+-------+-------+-------++-------
Melee: Mace              |    70 |   139 |    30 ||   239
       Constrict         |    15 |    41 |     7 ||    63
       Tentacles         |    12 |    29 |     5 ||    46
 Cast: Gell's Gravitas   |     2 |     9 |       ||    11
       Blink             |       |    13 |     1 ||    14
       Teleport Other    |       |       |     1 ||     1
  Use: Potion            |     1 |     1 |       ||     2
       Scroll            |       |     1 |     6 ||     7
 Stab: Sleeping          |     4 |    11 |     1 ||    16
Armor: Skin              |     2 |    10 |     4 ||    16
Dodge: Dodged            |    55 |   138 |    20 ||   213
